 Dungeon Sprint DCSS version 0.26.0-15-gc6cd9f7 (webtiles) character file.

Game seed: 14890682115674258834

1164 Kalegnar the Holy Warrior (level 8, 0/68 HPs)
             Began as a Formicid Fighter on Jan 17, 2021.
             Was a Priest of the Shining One.
             Splashed by Maurice's acid (8 damage)
             ... in the Dungeon (Sprint IX: "|||||||||||||||||||||||||||||").
             The game lasted 00:04:02 (621 turns).

Kalegnar the Holy Warrior (Formicid Fighter)         Turns: 621, Time: 00:04:03

Health: 0/68       AC:  3    Str: 22    XL:     8   Next: 67%
Magic:  16/16      EV:  8    Int:  9    God:    the Shining One [***...]
Gold:   0          SH: 11    Dex: 13    Spells: 7/7 levels left

rFire    . . .     SeeInvis +   l - +2 scimitar (holy)
rCold    . . .     Faith    .   c - +0 kite shield
rNeg     + . .     Spirit   .   m - +0 plate armour
rPois    .         Reflect  .   (helmet unavailable)
rElec    .         Harm     .   (no cloak)
rCorr    .         Rampage  .   (no gloves)
Will     .....                  a - +0 pair of boots
Stlth    ..........             (no amulet)
HPRegen  0.21/turn              o - +3 ring of dexterity
MPRegen  0.15/turn              n - +2 ring of protection

@: corroded, glowing
A: permanent stasis, dig shafts and tunnels, four strong arms, antennae 3
a: Dig, Renounce Religion, Divine Shield


You were in the Dungeon.
You worshipped the Shining One.
The Shining One was most pleased with you.
You visited 1 branch

Inventory:

Hand Weapons
 l - a +2 scimitar of holy wrath (weapon)
Armour
 a - a +0 pair of boots (worn)
 c - a +0 kite shield (worn)
 m - a +0 plate armour (worn)
Jewellery
 n - a +2 ring of protection (right hand)
 o - a +3 ring of dexterity (left hand)
Wands
 k - a wand of acid (10)
Scrolls
 i - 3 scrolls of remove curse
 j - 2 scrolls of amnesia
Potions
 d - a potion of might
 e - 5 potions of curing
 f - a potion of heal wounds
 g - 4 potions of magic
 h - a potion of invisibility


   Skills:
 + Level 7.7 Fighting
 + Level 11.1 Long Blades
 - Level 5.0 Armour
 - Level 4.0 Dodging
 + Level 8.8 Shields
 + Level 11.1 Invocations


You had 7 spell levels left.
You didn't know any spells.
Your spell library was empty.

Dungeon Overview and Level Annotations

Branches:
Dungeon (1/1)

Altars:
Cheibriados
Dithmenos
Elyvilon
Fedhas
Gozag
Hepliaklqana
Kikubaaqudgha
Makhleb
Nemelex Xobeh
Okawaru
Qazlal
Ru
Sif Muna
Trog
Uskayaw
Vehumet
Wu Jian
Xom
Yredelemnul
Zin
The Shining One
Beogh
Jiyva
Lugonu

Annotations:
D Maurice


Innate Abilities, Weirdness & Mutations

You cannot be hasted, slowed, berserked, paralysed or teleported.
You can dig through walls and to a lower floor.
Your four strong arms can wield two-handed weapons with a shield.
You have a pair of large antennae on your head. (SInv)


Message History

You are splashed with acid!
Maurice gestures at himself while chanting.
Maurice flickers and vanishes for a moment.
You hit Maurice but do no damage.
Maurice mumbles some strange words.
Maurice blinks!
Maurice zaps a wand.
The bolt of acid hits you. The acid corrodes you!
You are splashed with acid!
Maurice zaps a wand.
The bolt of acid hits you!!
* * * LOW HITPOINT WARNING * * *
The acid corrodes you!
You are splashed with acid!
* * * LOW HITPOINT WARNING * * *
You feel much better.
Maurice casts a spell.
Maurice puts on a burst of speed!
Your plate armour prevents you from hitting Maurice.
Maurice zaps a wand.
The bolt of acid hits you!
* * * LOW HITPOINT WARNING * * *
The acid corrodes you!
You are splashed with acid!
You die...

{
▓.▓_▓
{
▓.▓_▓
{
{▓.▓_▓
{
{▓.▓_▓
{
{▓.▓_▓
{
{▓.▓_▓
{
{▓.▓_▓
{▓.▓_▓
{
{▓@▓_▓
{
{▓@▓_▓
{
{▓.▓_▓
{
▓.▓_▓
{
{▓.▓_▓
{
{▓.▓_▓
{
{▓.▓_▓
{
{▓.▓_▓
{
{▓.▓_▓


You could see Maurice (swift, invisible).

Vanquished Creatures
  2 trolls (D)
  A wraith (D)
  A yak (D)
  A sky beast (D)
  A centaur (D)
  2 ogres (D)
  A killer bee (D)
  A hound (D)
  A worker ant (D)
  An adder (D)
  An ufetubus (D)
  An adder skeleton (D)
  An orc (D)
  A hobgoblin (D)
  A ball python (D)
  2 bats (D)
  A frilled lizard (D)
  A kobold (D)
  A leopard gecko skeleton (D)
22 creatures vanquished.

Notes
Turn   | Place    | Note
-------+----------+-------------------------------------------
     0 | D        | Kalegnar the Formicid Fighter began the quest for the Orb.
     0 | D        | Reached XP level 1. HP: 18/18 MP: 1/1
    20 | D        | Banished a spatial maelstrom
    87 | D        | Reached skill level 5 in Long Blades
    87 | D        | Reached XP level 2. HP: 16/24 MP: 2/2
    98 | D        | Reached XP level 3. HP: 16/29 MP: 3/3
   106 | D        | Found a roughly hewn altar of Beogh.
   106 | D        | Found a snail-covered altar of Cheibriados.
   106 | D        | Found a shadowy altar of Dithmenos.
   106 | D        | Found a white marble altar of Elyvilon.
   106 | D        | Found a blossoming altar of Fedhas.
   106 | D        | Found an opulent altar of Gozag.
   107 | D        | Found a hazy altar of Hepliaklqana.
   108 | D        | Found a viscous altar of Jiyva.
   109 | D        | Found an ancient bone altar of Kikubaaqudgha.
   110 | D        | Found a corrupted altar of Lugonu.
   111 | D        | Found a burning altar of Makhleb.
   112 | D        | Found a sparkling altar of Nemelex Xobeh.
   113 | D        | Found an iron altar of Okawaru.
   114 | D        | Found a stormy altar of Qazlal.
   115 | D        | Found a sacrificial altar of Ru.
   116 | D        | Found a shimmering blue altar of Sif Muna.
   117 | D        | Found a bloodstained altar of Trog.
   118 | D        | Found a hide-covered altar of Uskayaw.
   119 | D        | Found a radiant altar of Vehumet.
   120 | D        | Found an ornate altar of the Wu Jian Council.
   121 | D        | Found a shimmering altar of Xom.
   122 | D        | Found a basalt altar of Yredelemnul.
   123 | D        | Found a glowing silver altar of Zin.
   124 | D        | Found a glowing golden altar of the Shining One.
   259 | D        | Became a worshipper of the Shining One
   270 | D        | Noticed a centaur
   270 | D        | Noticed a troll
   270 | D        | Reached * piety under the Shining One
   270 | D        | Noticed a troll
   270 | D        | Noticed a sky beast
   276 | D        | Killed a centaur
   277 | D        | Reached skill level 5 in Shields
   277 | D        | Reached XP level 4. HP: 24/38 MP: 3/6
   277 | D        | Reached XP level 5. HP: 27/43 MP: 3/7
   286 | D        | Killed a troll
   287 | D        | Reached skill level 5 in Armour
   287 | D        | Reached XP level 6. HP: 35/52 MP: 4/10
   290 | D        | Killed a troll
   291 | D        | Reached XP level 7. HP: 18/58 MP: 4/13
   291 | D        | Reached ** piety under the Shining One
   300 | D        | Reached skill level 10 in Long Blades
   535 | D        | Noticed a yak
   535 | D        | Noticed a wraith
   535 | D        | Reached *** piety under the Shining One
   540 | D        | Killed a yak
   541 | D        | Reached skill level 10 in Invocations
   541 | D        | Reached XP level 8. HP: 64/65 MP: 11/15
   554 | D        | Killed a wraith
   609 | D        | Noticed Maurice
   619 | D        | HP: 2/68 [acid (16)]
   621 | D        | Splashed by Maurice's acid

Illustrated notes

Levels and vault maps discovered:
D:        linesprint [early_d, line_temple, items_1, d_10, items_2, lair_1,
          lair_end, items_3, orc_1, orc_end, items_4, d_15, swamp_1, shoals_1,
          snake_1, spider_1, d_20, vaults_1, items_5, swamp_end, shoals_end,
          snake_end, spider_end, vaults_end, d_27, items_6, zot_1, zot_end,
          crypt_end, forest_end, elf_end, slime_end, tomb_end, abyss_end,
          pan_hell_end]

Skill      XL: |  1  2  3  4  5  6  7  8 |
---------------+-------------------------+-----
Long Blades    | 5 6 8 9 10 11 | 11.1
Fighting       | 4 6 7 |  7.7
Armour         | 4 5 |  5.0
Dodging        | 2 4 |  4.0
Shields        | 5 7 8 |  8.8
Invocations    | 3 6 8 10 11 | 11.1

Action                   |  1- 3 |  4- 6 |  7- 9 || total
-------------------------+-------+-------+-------++-------
Melee: Long sword        |    32 |       |       ||    32
       Scimitar          |     5 |    13 |    37 ||    55
Invok: Divine Shield     |       |       |     2 ||     2
  Use: Potion            |       |     1 |     1 ||     2
Armor: Scale mail        |    14 |       |       ||    14
       Plate armour      |     3 |    13 |     3 ||    19
Dodge: Dodged            |    11 |    11 |     5 ||    27
Block: Kite shield       |    11 |    11 |    19 ||    41
       Rpst.: Long sword |     3 |       |       ||     3
       Scimitar          |       |     2 |     1 ||     3
